 Dungeon Crawl Stone Soup version 0.29.1-14-g9c671dbff4 (webtiles) character file.

Game seed: 9916209591579593407

2294 sweetbreads the Geomancer (level 9, -9/50 HPs)
             Began as a Gargoyle Earth Elementalist on Feb 16, 2023.
             Was a Follower of Vehumet.
             Mangled by Duvessa
             ... wielding a +0 short sword
              (12 damage)
             ... on level 7 of the Dungeon.
             The game lasted 00:28:28 (6181 turns).

sweetbreads the Geomancer (GrEE)                    Turns: 6181, Time: 00:28:28

Health: -9/50      AC: 12    Str: 12    XL:     9   Next: 40%
Magic:  0/12       EV: 12    Int: 26    God:    Vehumet [*.....]
Gold:   244        SH:  0    Dex: 10    Spells: 1/12 levels left

rFire   . . .      SeeInvis .   a - +0 mace
rCold   . . .      Faith    .   (no shield)
rNeg    + . .      Spirit   .   d - +0 robe
rPois   ∞          Reflect  .   (no helmet)
rElec   +          Harm     .   w - +2 cloak
rCorr   .          Rampage  .   (no gloves)
Will    .....                   q - +0 pair of boots
Stlth   ++........              (no amulet)
HPRegen 0.16/turn               x - +6 ring of intelligence
MPRegen 0.13/turn               i - ring of wizardry

@: no status effects
A: sickness immunity, AC +6, negative energy resistance 1, electricity
resistance, torment resistance 1, petrification resistance
a: Renounce Religion


You were on level 7 of the Dungeon.
You worshipped Vehumet.
Vehumet was aware of your devotion.
You visited 2 branches of the dungeon, and saw 8 of its levels.

You collected 244 gold pieces.

Inventory:

Hand Weapons
 a - a +0 mace (weapon)
 l - a +2 shortbow of freezing
Missiles
 o - 7 poisoned darts (quivered)
 t - 5 atropa-tipped darts
Armour
 d - a +0 robe (worn)
 q - a +0 pair of boots (worn)
 w - a +2 cloak (worn)
Magical Staves
 n - a staff of conjuration
Jewellery
 i - a ring of wizardry (right hand)
 x - a +6 ring of intelligence (left hand)
Scrolls
 c - 5 scrolls of identify {unknown}
 e - 3 scrolls of blinking {unknown}
 h - a scroll of vulnerability {unknown}
 j - a scroll of fog {unknown}
 k - 2 scrolls of torment {unknown}
 s - 4 scrolls of enchant armour {unknown}
 u - a scroll of poison {unknown}
 y - 2 scrolls of fear {unknown}
 z - 2 scrolls of teleportation {unknown}
 C - a scroll of silence {unknown}
 F - 3 scrolls of magic mapping {unknown}
Potions
 b - a potion of magic
 f - 3 potions of mutation {unknown}
 g - 2 potions of heal wounds {unknown}
 m - a potion of ambrosia {unknown}
 p - a potion of berserk rage {unknown}
 r - a potion of degeneration {unknown}
 B - a potion of might {unknown}
 E - 3 potions of flight {unknown}
 G - 2 potions of curing {unknown}


   Skills:
 * Level 3.0 Fighting
 - Level 4.0 Dodging
 - Level 4.0 Stealth
 - Level 2.0 Spellcasting
 - Level 2.0 Conjurations
 * Level 3.3 Transmutations
 + Level 11.9 Earth Magic


You had one spell level left.
You knew the following spells:

 Your Spells              Type           Power      Damage    Failure   Level
a - Sandblast             Erth           100%       2d20      1%          1
b - Stone Arrow           Conj/Erth      76%        3d11      1%          3
c - Petrify               Tmut/Erth      42%        N/A       1%          4
d - Passwall              Tmut/Erth      35%        N/A       1%          2
e - Foxfire               Conj/Fire      28%        2x1d5     2%          1

Your spell library contained the following spells:

 Spells                   Type           Power      Damage    Failure   Level
 Shock                    Conj/Air       28%        1d4       2%          1
 Leda's Liquefaction      Hex/Erth       16%        N/A       3%          4
 Call Canine Familiar     Summ           2%         N/A       12%         3
 Portal Projectile        Hex/Tloc       4%         N/A       12%         3
 Swiftness                Air            2%         N/A       12%         3
 Airstrike                Air            1%         2d(1-17)  38%         4


Dungeon Overview and Level Annotations

Branches:
Dungeon (7/15)             Temple (1/1) D:6

Altars:
Ashenzari
Dithmenos
Elyvilon
Fedhas
Gozag
Hepliaklqana
Kikubaaqudgha
Makhleb
Ru
Trog
Uskayaw
Vehumet
Wu Jian
Xom
Yredelemnul
Zin

Shops:
D:5 :[*

Annotations:
D:4 1 runed translucent door, Crazy Yiuf
D:7 Duvessa


Innate Abilities, Weirdness & Mutations

You are immune to sickness and miasma.
Your stone body is resilient. (AC +6)
You are immune to poison.
You resist negative energy. (rN+)
You are resistant to electric shocks. (rElec)
You are resistant to unholy torment.
You are immune to petrification.


Message History

Duvessa is almost dead.
Duvessa closely misses you. Duvessa hits you with a +0 short sword!
Unknown command.
You aren't carrying any items that you can evoke.
You hit Duvessa but do no damage.
Duvessa is almost dead.
Duvessa closely misses you. Duvessa barely misses you.
You closely miss Duvessa.
Duvessa is almost dead.
Duvessa hits you but does no damage. Duvessa barely misses you.
You hit Duvessa.
Duvessa is almost dead.
Duvessa misses you. Duvessa hits you with a +0 short sword.
Duvessa hits you but does no damage.
You hit Duvessa but do no damage.
Duvessa is almost dead.
Duvessa hits you with a +0 short sword. x2
* * * LOW HITPOINT WARNING * * *
Unknown command.
Okay, then.
Throw: 8 darts (poison)
Press: ? - help, Q - select action, (/) - cycle Shift-Dir - straight line, f/p - Duvessa
Aim: Duvessa, wielding a +0 short sword and wearing a +0 chain mail (almost dead, berserk, 68% to hit)
You throw a poisoned dart. The poisoned dart hits Duvessa.
Duvessa is poisoned.
Duvessa is almost dead.
Duvessa misses you.
Unknown command.
Duvessa hits you with a +0 short sword.
* * * LOW HITPOINT WARNING * * *
Casting: Sandblast (safe; 1% risk of failure)
Confirm with . or Enter, or press ? or * to list all spells.
Aiming: Sandblast (safe; 1% risk of failure)
Press: ? - help, Shift-Dir - straight line, f/p - Duvessa
Aim: Duvessa, wielding a +0 short sword and wearing a +0 chain mail (almost dead, berserk, poisoned, 91% to hit)
The blast of sand hits Duvessa but does no damage.
Duvessa is almost dead.
Duvessa hits you with a +0 short sword!
* * * LOW HITPOINT WARNING * * *
Duvessa hits you with a +0 short sword!
You die...

####.#####....#..#.....#..#....##
..............'##+##'##'##'.)..#
.......##.....#.....#.....#....#
..............#.....#.....#....#
..............###+##'##'###....#
...............##................
..................###............
....##'#..........# #............
....##.#.#......@e####.#.........
.......#.#.............#.......
.......#.#........######.......
.........#......##.######......
.......###..........'._⌠#######
.......# ###....#...'._⌠#
######## ######.###~### #.# ###
#.#


You could see Duvessa (berserk, poisoned).

Vanquished Creatures
  3 yaks
  Eustachio (D:5)
  A water moccasin (D:6)
  A sky beast (D:7)
  2 ice beasts (D:6)
  An ogre (D:5)
  A centaur (D:7)
  A kobold brigand (D:7)
  2 necrophages
  A scorpion (D:6)
  Dowan (D:7)
  3 howler monkeys
  4 hounds
  4 orc priests
  A gnoll bouda (D:5)
  5 jellies
  3 iguanas
  2 orc wizards (D:2)
  7 gnolls
  5 adders
  A shadow imp (D:6)
  2 white imps
  2 ufetubi
  2 dart slugs
  15 orcs
  8 ball pythons
  2 bats (D:2)
  9 endoplasms
  2 giant cockroaches (D:1)
  6 goblins
  7 hobgoblins
  10 quokkas
  2 frilled lizards
  12 kobolds
  2 rats (D:1)
131 creatures vanquished.

Vanquished Creatures (others)
  7 foxfires (D:7)
7 creatures vanquished.

Grand Total: 138 creatures vanquished

Notes
Turn   | Place    | Note
-------+----------+-------------------------------------------
     0 | D:1      | sweetbreads the Gargoyle Earth Elementalist began the quest
                  | for the Orb.
     0 | D:1      | Reached XP level 1. HP: 10/10 MP: 3/3
   138 | D:1      | Reached XP level 2. HP: 15/15 MP: 3/5
   162 | D:1      | Reached skill level 1 in Transmutations
   182 | D:1      | Reached skill level 4 in Earth Magic
   423 | D:1      | Reached XP level 3. HP: 19/19 MP: 0/6
   428 | D:1      | Learned a level 3 spell: Stone Arrow
  1224 | D:2      | Reached XP level 4. HP: 10/24 MP: 1/7
  1434 | D:2      | Reached skill level 5 in Earth Magic
  1444 | D:2      | Reached XP level 5. HP: 21/28 MP: 0/8
  1651 | D:2      | Found a faded altar of an unknown god.
  2228 | D:3      | Learned a level 4 spell: Petrify
  2540 | D:3      | Reached skill level 6 in Earth Magic
  2540 | D:3      | Reached XP level 6. HP: 31/32 MP: 4/9
  3235 | D:4      | Reached skill level 7 in Earth Magic
  3292 | D:4      | Reached XP level 7. HP: 27/36 MP: 5/10
  3474 | D:4      | Found a runed translucent door.
  3475 | D:4      | Noticed Crazy Yiuf
  3657 | D:5      | Entered Level 5 of the Dungeon
  3715 | D:5      | Reached skill level 1 in Conjurations
  3715 | D:5      | Reached skill level 8 in Earth Magic
  3752 | D:5      | Noticed a yak
  3759 | D:5      | Noticed a yak
  3760 | D:5      | Noticed a yak
  3763 | D:4      | Killed a yak
  3845 | D:5      | Killed a yak
  3846 | D:5      | Reached skill level 9 in Earth Magic
  3846 | D:5      | Reached XP level 8. HP: 41/41 MP: 8/11
  3852 | D:5      | Killed a yak
  4071 | D:5      | Reached skill level 10 in Earth Magic
  4072 | D:5      | Reached skill level 1 in Fighting
  4115 | D:5      | Found Bickeen's General Store.
  4185 | D:5      | Noticed Eustachio
  4188 | D:5      | Killed Eustachio
  4206 | D:5      | Found Laomn's Book Boutique.
  4223 | D:5      | Found a basalt altar of Yredelemnul.
  4270 | D:5      | Found a faded altar of an unknown god.
  4270 | D:5      | Found a faded altar of an unknown god.
  4270 | D:5      | Found a faded altar of an unknown god.
  4272 | D:5      | Found a hazy altar of Hepliaklqana.
  4272 | D:5      | Found a faded altar of an unknown god.
  4505 | D:5      | Found Zueho Ciceh's Antique Armour Boutique.
  4760 | D:6      | Found a staircase to the Ecumenical Temple.
  4777 | Temple   | Entered the Ecumenical Temple
  4847 | Temple   | Became a worshipper of Vehumet
  5352 | D:6      | Reached XP level 9. HP: 43/48 MP: 8/12
  5485 | D:6      | Reached skill level 11 in Earth Magic
  5925 | D:7      | Reached * piety under Vehumet
  5925 | D:7      | Offered knowledge of Foxfire by Vehumet.
  5929 | D:7      | Learned a level 2 spell: Passwall
  5931 | D:7      | Learned a level 1 spell: Foxfire
  5957 | D:7      | Found an ancient bone altar of Kikubaaqudgha.
  6019 | D:7      | Noticed Duvessa
  6019 | D:7      | Noticed Dowan
  6041 | D:7      | Killed Dowan
  6144 | D:7      | Found a sacrificial altar of Ru.
  6144 | D:7      | Found an opulent altar of Gozag.
  6181 | D:7      | Mangled by Duvessa

Illustrated notes

Levels and vault maps discovered:
D:1:      roderic_octagonal_star, layout_rooms
D:2:      layout_loops_ring, chequers_ecumenical_altar_island,
          grunt_ministairs_5
D:3:      layout_rooms
D:4:      layout_rooms, serial_park_tiny_2, item_on_display_a,
          uniq_crazy_yiuf_cottage
D:5:      layout_gridville, nicolae_hepliaklqana_ecumenical_no_more,
          mainiacjoe_overflow_tiny_flanked, serial_shops, kennysheep_mini_moat,
          kennysheep_little_box, shop_fountains, uniq_eustachio
D:6:      layout_loops_cross, minmay_temple_entry_tees
D:7:      layout_basic, chei_slow_surprise, mainiacjoe_overflow_24_doors,
          gammafunk_temple_overflow_wave, uniq_duvessa
Temple:   nicolae_temple_bog_church

Skill      XL: |  1  2  3  4  5  6  7  8  9 |
---------------+----------------------------+-----
Transmutations | 1 2 3 |  3.3
Earth Magic    | 4 5 6 7 9 10 11 | 11.9
Dodging        | 2 3 4 |  4.0
Stealth        | 3 4 |  4.0
Conjurations   | 2 |  2.0
Fighting       | 2 3 |  3.0
Spellcasting   | |  2.0

Action                   |  1- 3 |  4- 6 |  7- 9 || total
-------------------------+-------+-------+-------++-------
Melee: Mace              |     6 |     4 |     4 ||    14
       Unarmed           |     2 |       |       ||     2
Throw: Dart              |       |       |     8 ||     8
 Cast: Sandblast         |    47 |    75 |    98 ||   220
       Foxfire           |       |       |     4 ||     4
       Petrify           |       |       |     1 ||     1
Armor: Robe              |     5 |     5 |    17 ||    27
Dodge: Dodged            |     8 |     8 |    20 ||    36
